Workbook

Sheet CCC - Average Balance
A1: Hyatt Hotels Corporation (NYSE: H) — Cash Conversion Cycle
A2: Average-balance method | CCC = Inventory Days + Receivable Days − Payable Days | All $ in millions
A4: 1. Source data (from Hyatt 10-K filings)
A5: Year | B5: Receivables, net | C5: Inventories | D5: Accounts payable | E5: Total revenues | F5: Direct & SG&A expenses
A6: 2019 (opening) | B6: 421 | C6: 12 | D6: 150 | E6: — | F6: —
A7: 2020 | B7: 316 | C7: 9 | D7: 102 | E7: 2066 | F7: 2698
A8: 2021 | B8: 633 | C8: 10 | D8: 523 | E8: 3028 | F8: 3279
A9: 2022 | B9: 834 | C9: 9 | D9: 500 | E9: 5891 | F9: 5493
A10: 2023 | B10: 883 | C10: 9 | D10: 493 | E10: 6667 | F10: 6362
A11: 2024 | B11: 1121 | C11: 8 | D11: 475 | E11: 6648 | F11: 6274
A13: Source: Hyatt Hotels Corporation Form 10-K, Consolidated Balance Sheets & Consolidated Statements of Income, FY2020–FY2024. "Direct & SG&A expenses" = Hyatt's "Direct and selling, general, and administrative expenses" line (used as COGS proxy — Hyatt reports no cost-of-goods-sold line). Blue cells are hardcoded inputs from the filings.
A15: 2. Average balances
A16: Year | B16: Avg. inventory | C16: Avg. receivables | D16: Avg. payables
A17: ='CCC - Average Balance'!A7 -> 2020 | B17: =AVERAGE(C6,C7) -> 10.5 | C17: =AVERAGE(B6,B7) -> 368.5 | D17: =AVERAGE(D6,D7) -> 126
A18: ='CCC - Average Balance'!A8 -> 2021 | B18: =AVERAGE(C7,C8) -> 9.5 | C18: =AVERAGE(B7,B8) -> 474.5 | D18: =AVERAGE(D7,D8) -> 312.5
A19: ='CCC - Average Balance'!A9 -> 2022 | B19: =AVERAGE(C8,C9) -> 9.5 | C19: =AVERAGE(B8,B9) -> 733.5 | D19: =AVERAGE(D8,D9) -> 511.5
A20: ='CCC - Average Balance'!A10 -> 2023 | B20: =AVERAGE(C9,C10) -> 9 | C20: =AVERAGE(B9,B10) -> 858.5 | D20: =AVERAGE(D9,D10) -> 496.5
A21: ='CCC - Average Balance'!A11 -> 2024 | B21: =AVERAGE(C10,C11) -> 8.5 | C21: =AVERAGE(B10,B11) -> 1002 | D21: =AVERAGE(D10,D11) -> 484
A23: 3. Days outstanding and Cash Conversion Cycle
A24: Year | B24: Inventory Days | C24: Receivable Days | D24: Payable Days | E24: CCC (days) | F24: YoY change (days)
A25: ='CCC - Average Balance'!A7 -> 2020 | B25: =IF(F7=0,0,B17/F7*365) -> 1.4204967 | C25: =IF(E7=0,0,C17/E7*365) -> 65.102856 | D25: =IF(F7=0,0,D17/F7*365) -> 17.04596 | E25: =B25+C25-D25 -> 49.477392 | F25: —
A26: ='CCC - Average Balance'!A8 -> 2021 | B26: =IF(F8=0,0,B18/F8*365) -> 1.057487 | C26: =IF(E8=0,0,C18/E8*365) -> 57.196995 | D26: =IF(F8=0,0,D18/F8*365) -> 34.785758 | E26: =B26+C26-D26 -> 23.468724 | F26: =E26-E25 -> -26.008669
A27: ='CCC - Average Balance'!A9 -> 2022 | B27: =IF(F9=0,0,B19/F9*365) -> 0.63125796 | C27: =IF(E9=0,0,C19/E9*365) -> 45.446868 | D27: =IF(F9=0,0,D19/F9*365) -> 33.988258 | E27: =B27+C27-D27 -> 12.089868 | F27: =E27-E26 -> -11.378856
A28: ='CCC - Average Balance'!A10 -> 2023 | B28: =IF(F10=0,0,B20/F10*365) -> 0.51634706 | C28: =IF(E10=0,0,C20/E10*365) -> 47.000525 | D28: =IF(F10=0,0,D20/F10*365) -> 28.485146 | E28: =B28+C28-D28 -> 19.031726 | F28: =E28-E27 -> 6.9418576
A29: ='CCC - Average Balance'!A11 -> 2024 | B29: =IF(F11=0,0,B21/F11*365) -> 0.49450112 | C29: =IF(E11=0,0,C21/E11*365) -> 55.013538 | D29: =IF(F11=0,0,D21/F11*365) -> 28.157475 | E29: =B29+C29-D29 -> 27.350564 | F29: =E29-E28 -> 8.3188379
A32: 4. Formula key
A33: • Average Inventory = (Prior year-end Inventory + Current year-end Inventory) / 2 (same pattern for Receivables and Payables)
A34: • Inventory Days = Average Inventory ÷ Direct & SG&A Expenses × 365
A35: • Receivable Days = Average Receivables ÷ Total Revenues × 365
A36: • Payable Days = Average Accounts Payable ÷ Direct & SG&A Expenses × 365
A37: • Cash Conversion Cycle (CCC) = Inventory Days + Receivable Days − Payable Days
